 Dungeon Crawl Stone Soup version 0.15.1-1-gfacfea3 (webtiles) character file.

347 zoltan the Skirmisher (level 6, -1/47 HPs)
             Began as a Human Wanderer on Sept 29, 2014.
             Slain by a scorpion (7 damage)
             ... on Level 3 of the Dungeon.
             The game lasted 00:37:23 (7619 turns).

zoltan the Skirmisher (Human Wanderer)              Turns: 7619, Time: 00:37:23

HP  -1/47        AC  8     Str 15      XL: 6   Next: 90%
MP  12/12        EV  6     Int 12      God:
Gold 164         SH  0     Dex 12      Spells:  1 memorised, 10 levels left

rFire  . . .     SeeInvis .     a - +0 mace
rCold  . . .     Clarity  .     s - +0 chain mail
rNeg   . . .     rCorr    .     (no shield)
rPois  .         rRot     .     (no helmet)
rElec  .         Spirit   .     (no cloak)
SustAb .         Warding  .     (no gloves)
rMut   .         Stasis   .     (no boots)
Gourm  .                        (no amulet)
MR     .....                    (no ring)
                                (no ring)

@: lethally poisoned, not resistant to hostile enchantments, extremely
unstealthy
A: no striking features
a: no special abilities


You were on level 3 of the Dungeon.
You were hungry.

You visited 1 branch of the dungeon, and saw 4 of its levels.

You collected 164 gold pieces.

Inventory:

Hand weapons
 a - a +0 mace (weapon)
 b - a +0 hunting sling
 d - a +0 club
 n - a -2 whip
 E - a cursed -2 club
Missiles
 j - 13 sling bullets
 m - 54 stones (quivered)
 v - 13 poisoned needles
 C - 18 arrows of flame
Armour
 c - a +0 robe
 e - a +0 ring mail
 s - a +0 chain mail (worn)
Magical devices
 x - a wand of confusion (24)
Comestibles
 f - 3 bread rations
 i - 3 meat rations
Scrolls
 h - 3 scrolls of teleportation
 l - a scroll of fog
 u - 2 scrolls of remove curse
 y - a scroll of recharging
Potions
 k - a potion of brilliance
 p - a potion of poison {unknown}
 q - 2 potions of invisibility
 w - a potion of heal wounds {unknown}
Books
 o - a book of Debilitation

   Spells                             Type                      Level
   Corona                             Hexes                        1
   Slow                               Hexes                        2
   Inner Flame                        Hexes/Fire                   3
   Enslavement                        Hexes                        4
   Cause Fear                         Hexes                        4
   Leda's Liquefaction                Hexes/Earth                  4
 r - a book of Frost

   Spells                             Type                      Level
   Freeze                             Ice                          1
   Throw Frost                        Conjuration/Ice              2
   Ozocubu's Armour                   Charms/Ice                   3
   Throw Icicle                       Conjuration/Ice              4
   Summon Ice Beast                   Ice/Summoning                4
   Condensation Shield                Ice                          4
 t - a book of Minor Magic

   Spells                             Type                      Level
   Magic Dart                         Conjuration                  1
   Blink                              Translocation                2
   Call Imp                           Summoning                    2
   Repel Missiles                     Charms/Air                   2
   Slow                               Hexes                        2
   Conjure Flame                      Conjuration/Fire             3
   Mephitic Cloud                     Conjuration/Poison/Air       3


   Skills:
 * Level 3.1 Fighting
 * Level 2.9 Maces & Flails
 + Level 1.2(1.4) Slings
 - Level 1.0(1.2) Throwing
 + Level 2.6 Armour
 + Level 2.0 Dodging
   Level 2.0 Shields
 - Level 3.0 Spellcasting
   Level 2.0 Charms
 - Level 1.0 Fire Magic
   Level 2.0 Ice Magic
 + Level 1.0 Evocations


You had 10 spell levels left.
You knew the following spells:

 Your Spells              Type           Power        Failure   Level  Hunger
a - Flame Tongue          Conj/Fire      #....        100%        1    #......


Dungeon Overview and Level Annotations

Branches:
Dungeon (4/15)
 Temple: D:4-7

Altars:
Dithmenos
Makhleb
Qazlal
Trog


Message History

The scorpion stings you but does no damage.
You hit the scorpion.
The scorpion is almost dead.
You feel sick. The goblin barely misses you. The scorpion stings you.
* * * LOW HITPOINT WARNING * * *
You barely miss the scorpion.
The scorpion is almost dead.
* * * LOW HITPOINT WARNING * * *
You feel sick. The goblin hits you but does no damage.
The scorpion barely misses you.
You barely miss the scorpion.
The scorpion is almost dead.
You feel sick. The goblin barely misses you. The scorpion barely misses you.
The goblin hits you with a club.
* * * LOW HITPOINT WARNING * * *
You hit the scorpion but do no damage.
The scorpion is almost dead.
* * * LOW HITPOINT WARNING * * *
You feel sick. The scorpion stings you!
You die...

.# ##.....###.# #.# .##
#.......#..# ##.#
..####........## #..#
..##...#...#### ##.##
.###...#...# ##..#
.##........# #.g##
.#.........## ##.##
...#........########..##
..r.>...........@s.....#
....##......##...g.....#####
..#####............).......#
.## ####..##.........#####
r# ##............# .#
###..........# .# ######
#..######### .# #....# #..#
r###....# ##.#########


You could see a scorpion and a goblin.

Vanquished Creatures
  An ogre (D:3)
  2 hounds
  A worker ant (D:4)
  7 adders
  A giant mite (D:3)
  3 worms
  A giant gecko (D:2)
  5 oozes
  An orc (D:2)
  6 bats
  3 giant cockroaches
  8 hobgoblins
  6 kobolds
  3 quokkas (D:3)
  5 giant newts
  8 goblins
  9 rats
70 creatures vanquished.

Vanquished Creatures (others)
  A hobgoblin (D:4)
1 creature vanquished.

Grand Total: 71 creatures vanquished

Notes
Turn   | Place    | Note
--------------------------------------------------------------
     0 | D:1      | zoltan, the Human Wanderer, began the quest for the Orb.
     0 | D:1      | Reached XP level 1. HP: 13/13 MP: 4/4
   765 | D:1      | Reached XP level 2. HP: 15/20 MP: 6/6
  1246 | D:1      | Reached skill level 1 in Fighting
  1416 | D:1      | Reached skill level 1 in Maces & Flails
  1909 | D:1      | Reached skill level 1 in Armour
  1909 | D:1      | Reached XP level 3. HP: 26/26 MP: 7/7
  3449 | D:2      | Reached skill level 1 in Dodging
  3449 | D:2      | Reached XP level 4. HP: 13/32 MP: 9/9
  4164 | D:2      | Found a burning altar of Makhleb.
  4188 | D:2      | Reached XP level 5. HP: 25/38 MP: 11/11
  5257 | D:3      | Reached skill level 1 in Throwing
  5423 | D:3      | Found a shadowy altar of Dithmenos.
  6015 | D:3      | Found a bloodstained altar of Trog.
  6208 | D:3      | Reached XP level 6. HP: 33/46 MP: 12/12
  6605 | D:4      | Noticed an ogre
  6885 | D:3      | Killed an ogre
  6885 | D:3      | Reached skill level 1 in Slings
  6885 | D:3      | Reached skill level 1 in Evocations
  7124 | D:4      | Found a stormy altar of Qazlal.
  7494 | D:4      | HP: 2/47 [scorpion (5)]
  7619 | D:3      | Slain by a scorpion

Action                   |  1- 3 |  4- 6 || total
-------------------------+-------+-------++-------
Melee: Club              |   154 |       ||   154
       Whip              |     5 |       ||     5
       Mace              |    17 |   286 ||   303
 Fire: Hunting sling     |       |     9 ||     9
Throw: Stone             |    16 |   111 ||   127
Evoke: Wand              |       |     1 ||     1
  Use: Scroll            |     3 |     6 ||     9
       Potion            |     2 |     2 ||     4
  Eat: Chunk             |     4 |     8 ||    12
       Bread ration      |     1 |     1 ||     2
